 Dungeon Crawl Stone Soup version 0.31.0-1-g2c135a0 (webtiles) character file.

Game seed: 14229341094230398268

149 brinewave the Magician (level 5, -5/38 HPs)
             Began as a Mummy Alchemist on Jan 26, 2024.
             Slain by a gnoll
             ... wielding a +1 spear of pain
              (7 damage)
             ... on level 4 of the Dungeon.
             The game lasted 00:11:58 (3019 turns).

brinewave the Magician (Mummy Alchemist)            Turns: 3019, Time: 00:11:58

Health: -5/38      AC:  2    Str: 11    XL:     5   Next: 9%
Magic:  2/10       EV: 12    Int: 16    God:
Gold:   123        SH:  0    Dex: 13    Spells: 7/10 levels left

rFire   x . .        f - +0 dagger
rCold   + . .        (no shield)
rNeg    + + +        a - +0 toga "Victory" {*Victory Clar}
rPois   ∞            (no helmet)
rElec   .            (no cloak)
rCorr   .            (no gloves)
SInv    +            (no boots)
Will    .....        (no amulet)
Stlth   ++           r - ring of see invisible
HPRegen 0.26/turn    (no ring)
MPRegen 0.12/turn

%: clarity, faith
@: no status effects
A: cold resistance 1, negative energy resistance 3, torment resistance 2, heat
vulnerability 1, in touch with death 1, no potions, faith
a: no special abilities


You were on level 4 of the Dungeon.
You visited 1 branch of the dungeon, and saw 4 of its levels.

You collected 193 gold pieces.
You spent 70 gold pieces at shops.

Inventory:

Hand Weapons
 f - a +0 dagger (weapon)
 n - a +0 war axe
Missiles
 d - 60 stones
 h - 4 curare-tipped darts
 k - 6 darts of dispersal
 o - 3 poisoned darts
Armour
 a - the +0 toga "Victory" (worn) {*Victory Clar}
   (You found it on level 2 of the Dungeon)

   *Victory:  When the wearer kills a threatening monster, it has a chance to
   gain +1 AC, +1 Slay, and +1 Int, capping at +7.
   When the wearer uses a scroll or a potion with a hostile monster in sight,
   its bonuses reset to +0.
   Unequipping it also resets its bonuses to +0.
   Clar:      It protects you from confusion, rage, mesmerisation and fear.
 i - a +2 robe of positive energy
 p - a +0 scale mail
Jewellery
 r - a ring of see invisible (left hand)
Scrolls
 b - a scroll of enchant weapon
 c - 5 scrolls of teleportation
 e - a scroll of enchant armour {unknown}
 g - 2 scrolls of blinking
 j - a scroll of vulnerability {unknown}
 l - a scroll of revelation {unknown}
 m - 2 scrolls of amnesia {unknown}
 q - a scroll of fog {unknown}
 s - a scroll of identify


   Skills:
 + Level 1.7 Fighting
 + Level 2.2 Dodging
 - Level 1.5 Stealth
 + Level 3.3 Spellcasting
 * Level 2.1 Conjurations
 * Level 3.2 Alchemy


You had 7 spell levels left.
You knew the following spells:

 Your Spells              Type           Power      Damage    Failure   Level
a - Sting                 Conj/Alch      44%        1d5       6%          1
b - Mercury Vapours       Alch/Air       14%        N/A       14%         2

Your spell library contained the following spells:

 Spells                   Type           Power      Damage    Failure   Level
 Apportation              Tloc           4%         N/A       19%         1
 Necrotise                Necr           16%        1d4       19%         1
 Summon Small Mammal      Summ           8%         N/A       19%         1
 Mephitic Cloud           Conj/Alch/Air  8%         N/A       26%         3
 Olgreb's Toxic Radiance  Alch           13%        N/A       43%         4
 Sticky Flame             Fire/Alch      7%         2d4       67%         4
 Summon Blazeheart Golem  Fire/Summ      2%         N/A       87%         4
 Freezing Cloud           Conj/Ice/Air   2%         6-21      98%         5
 Orb of Destruction       Conj           4%         9d5       100%        7
 Spellforged Servitor     Conj/Summ      3%         N/A       100%        7


Dungeon Overview and Level Annotations

Branches:
Dungeon (4/15)
 Temple: D:4-7

Altars:
Dithmenos
Wu Jian

Shops:
D:1 ?

Annotations:
D:1 1 runed translucent door


Innate Abilities, Weirdness & Mutations

You are immune to poison.
Your flesh is cold resistant. (rC+)
You are immune to negative energy. (rN+++)
You are immune to unholy pain and torment.
You are vulnerable to heat. (rF-)
You are in touch with the powers of death.
You do not drink.
You have a special connection with the divine. (Faith)


Message History

Aim: a gnoll, wielding a +1 spear of pain (75% to hit)
The sting hits the gnoll.
The gnoll is poisoned.
The gnoll is lightly wounded.
The hound bites you but does no damage. The hound completely misses you.
You hit the hound but do no damage.
The hound is moderately wounded.
The gnoll misses you. The hound misses you.
Aiming: Sting (safe; 6% risk of failure)
Press: ? - help, Q - select action, (/) - cycle Shift-Dir - straight line, f - hound, p - gnoll
Aim: a hound (heavily wounded, poisoned, 60% to hit)
The sting misses the hound.
The hound bites you but does no damage. The gnoll closely misses you.
The hound bites you.
You hit the hound but do no damage.
The hound is heavily wounded.
The gnoll hits you from afar with a +1 spear of pain!
The hound bites you.
* * * LOW HITPOINT WARNING * * *
You hit the hound.
The hound is severely wounded.
The hound bites you.
* * * LOW HITPOINT WARNING * * *
The gnoll barely misses you. The hound bites you.
* * * LOW HITPOINT WARNING * * *
You can't drink.
You closely miss the hound. You punch the hound, but do no damage.
The hound is severely wounded.
The gnoll hits you from afar with a +1 spear of pain.
* * * LOW HITPOINT WARNING * * *
The hound bites you.
* * * LOW HITPOINT WARNING * * *
You barely miss the hound.
The hound is almost dead.
You kill the hound!
The gnoll barely misses you.
You have reached level 5!
You feel agile.
The gnoll looks more healthy.
The gnoll attacks as it pursues you!
The gnoll hits you from afar with a +1 spear of pain!
You die...

...##.#.# ...(....#
.....#.# ....#.#
####.#..#+####.#
..##...........# #.#
#.....# #
#.#####.#.########.#.#
.g.g.g).#....)g.@....#
..#################..#
..# # ..#######
...<..... #######.#
### ..# #.#


You could see a gnoll.

Vanquished Creatures
  A hound (D:4)
  Jessica (D:2)
  A gnoll (D:4)
  2 adders
  A dart slug (D:1)
  A ribbon worm (D:3)
  7 endoplasms
  3 giant cockroaches
  6 goblins
  7 hobgoblins
  6 jackals
  A quokka (D:3)
  2 ball pythons (D:1)
  6 bats
  4 frilled lizards
  4 kobolds
  6 rats
59 creatures vanquished.

Notes
Turn   | Place    | Note
-------+----------+-------------------------------------------
     0 | D:1      | brinewave the Mummy Alchemist began the quest for the Orb.
     0 | D:1      | Reached XP level 1. HP: 13/13 MP: 4/4
     2 | D:1      | Found a runed translucent door.
   119 | D:1      | Reached skill level 1 in Conjurations
   165 | D:1      | Found Zokhlabb's Magic Scroll Emporium.
   171 | D:1      | Reached XP level 2. HP: 20/20 MP: 3/5
   194 | D:1      | Bought a scroll of identify for 20 gold pieces
  1046 | D:1      | Bought a scroll of teleportation for 30 gold pieces
  1046 | D:1      | Bought a scroll of identify for 20 gold pieces
  1138 | D:2      | Noticed Jessica
  1263 | D:2      | Killed Jessica
  1264 | D:2      | Reached skill level 1 in Fighting
  1264 | D:2      | Reached XP level 3. HP: 26/26 MP: 3/7
  1310 | D:2      | Found the +0 toga "Victory" {*Victory Clar}
  1490 | D:2      | Reached XP level 4. HP: 32/32 MP: 6/8
  2021 | D:2      | Found an ornate altar of the Wu Jian Council.
  2575 | D:3      | Found a shadowy altar of Dithmenos.
  2625 | D:3      | Identified the +3 dagger of Qobbin {vamp, *Rage rCorr Int+3
                  | SInv}
  2946 | D:3      | Learned a level 2 spell: Mercury Vapours
  3017 | D:4      | HP: 1/32 [hound (1)]
  3019 | D:4      | Reached XP level 5. HP: 1/38 MP: 2/10
  3019 | D:4      | Slain by a gnoll

Illustrated notes

Levels and vault maps discovered:
D:1:      dpeg_arrival_caged_fury, layout_basic, serial_shops, shop,
          minmay_distorted
D:2:      layout_basic, basic_altar, uniq_jessica
D:3:      layout_basic, nicolae_dithmenos_through_a_glass_darkly
D:4:      cheibrodos_pilgrimage, layout_loops_ring, general_overflow_altar,
          dk_rats_in_the_wall, uniq_crazy_yiuf_cottage

Skill      XL: |  1  2  3  4 |
---------------+-------------+-----
Conjurations   | 1 2 |  2.1
Fighting       | 1 |  1.7
Spellcasting   | 3 |  3.3
Dodging        | 2 |  2.2
Alchemy        | 3 |  3.2
Stealth        | |  1.5

Action                     |  1- 3 |  4- 6 || total
---------------------------+-------+-------++-------
  Melee: Dagger            |    23 |    20 ||    43
         Unarmed           |     5 |       ||     5
         Punch             |       |     1 ||     1
   Cast: Sting             |    43 |    46 ||    89
         Mercury Vapours   |       |     1 ||     1
    Use: Scroll            |     2 |     1 ||     3
 Armour: Robe              |    25 |    27 ||    52
  Dodge: Dodged            |    30 |    17 ||    47
